 Dungeon Crawl Stone Soup version 0.25-a0-424-g80bd347ae0 (webtiles) character file.

Game seed: 2141471113333914606, levelgen mode: deterministic

58 Elellon the Conjurer (level 3, -1/19 HPs)
             Began as a Deep Elf Conjurer on Jan 23, 2020.
             Slain by an orc wizard
             ... wielding a +0 dagger
              (4 damage)
             ... on level 2 of the Dungeon.
             The game lasted 00:02:27 (1715 turns).

Elellon the Conjurer (Deep Elf Conjurer)            Turns: 1715, Time: 00:02:27

Health: -1/19      AC:  2    Str:  6    XL:     3   Next: 76%
Magic:  1/11       EV: 13    Int: 19    God:
Gold:   59         SH:  0    Dex: 15    Spells: 10/11 levels left

rFire    . . .     SeeInvis .   (no weapon)
rCold    . . .     Gourm    .   (no shield)
rNeg     . . .     Faith    .   a - +0 robe
rPois    .         Spirit   .   (no helmet)
rElec    .         Reflect  .   (no cloak)
rCorr    .         Harm     .   (no gloves)
MR       .....                  (no boots)
Stlth    ++........             (no amulet)
HPRegen  0.06/turn              (no ring)
MPRegen  0.12/turn              (no ring)

@: no status effects
A: no striking features
a: no special abilities


You were on level 2 of the Dungeon.
You were not hungry.

You visited 1 branch of the dungeon, and saw 2 of its levels.

You collected 59 gold pieces.

Inventory:

Armour
 a - a +0 robe (worn)
Jewellery
 i - an uncursed ring of protection from magic {unknown}
Scrolls
 d - a scroll of blinking {unknown}
 e - a scroll of fog {unknown}
 f - a scroll of teleportation {unknown}
 g - a scroll of random uselessness {unknown}
 h - a scroll of enchant armour {unknown}
 l - 2 scrolls of identify {unknown}
Potions
 b - a potion of berserk rage {unknown}
 j - a potion of ambrosia {unknown}
 k - a potion of brilliance {unknown}
 m - a potion of mutation {unknown}
 o - a potion of heal wounds {unknown}
Comestibles
 c - a ration
 n - 7 chunks of flesh


   Skills:
 - Level 2.4 Dodging
 - Level 2.4 Stealth
 * Level 4.5 Spellcasting
 * Level 5.3 Conjurations


You had 10 spell levels left.
You knew the following spells:

 Your Spells              Type           Power        Failure   Level  Hunger
a - Magic Dart            Conj           ###.         1%          1    None

Your spell library contained the following spells:

 Spells                   Type           Power        Failure   Level  Hunger
 Searing Ray              Conj           ###...       2%          2    #......
 Dazzling Flash           Conj/Hex       ##....       13%         3    ###....
 Fulminant Prism          Conj/Hex       ##........   41%         4    ####...
 Iskenderun's Mystic Bla  Conj/Tloc      ##......     41%         4    ####...


Dungeon Overview and Level Annotations

Branches:
Dungeon (2/15)

Altars:


Message History

Confirm with . or Enter, or press ? or * to list all spells.
Aiming: Magic Dart (safe; 1% risk of failure)
Press: ? - help, Shift-Dir - straight line, f/p - orc wizard
Aim: an orc wizard, wielding a +0 dagger and wearing a +0 robe of the Archmagi (severely wounded, fast)
The magic dart hits the orc wizard.
The orc wizard is almost dead.
The orc wizard gestures at you while chanting.
You resist with some effort.
You hit the orc wizard but do no damage.
The orc wizard is almost dead.
The orc wizard gestures wildly while chanting.
The orc wizard blinks!
The orc wizard misses you. The orc wizard casts a spell at you.
The magic dart hits you.
* * * LOW HITPOINT WARNING * * *
Items here: ) [ ÷÷ a +0 club; a +0 scale mail; an orc skeleton x2
The orc wizard hits you but does no damage.
The orc wizard hits you with a +0 dagger.
You die...

#.##.####### #.##.......###
### ### ####
###..#####.###.###.###.###.#.
#.....## #..#.#.#.#.#.#.#.#.)
#......# #..#.#.#.#.#.#.#.#..
#......#####.###÷###.###.###.
#..........###.###.### ###...
#.....#......#.##....# #.##
#...###.####@#.##>...# #.#
#...# #.# #o#.##....# #.#
#...###.# ##.#.##....# #.#
###.....# #..........#####.#
#.#######..#)####.##.....#
#......##..#.# #.##.#####
###.....<..#.# #.##.##
#..#.#...#)# #.....#
#####..#.#.#.#.. ####.##


You could see an orc wizard.

Vanquished Creatures
  An adder (D:2)
  2 worms (D:2)
  A dart slug (D:1)
  2 leopard geckos
  3 orcs (D:2)
  5 bats
  2 giant cockroaches (D:1)
  6 hobgoblins
  2 frilled lizards (D:1)
  6 goblins
  2 kobolds (D:1)
  4 rats
36 creatures vanquished.

Notes
Turn   | Place    | Note
-------+----------+-------------------------------------------
     0 | D:1      | Elellon the Deep Elf Conjurer began the quest for the Orb.
     0 | D:1      | Reached XP level 1. HP: 10/10 MP: 6/6
   309 | D:1      | Reached XP level 2. HP: 15/15 MP: 6/8
   818 | D:1      | Reached skill level 5 in Conjurations
  1106 | D:2      | Reached XP level 3. HP: 19/19 MP: 4/10
  1715 | D:2      | Slain by an orc wizard

Levels and vault maps discovered:
D:1:      sevenhm_arrival_forest_fort_large_2, layout_loops_ring
D:2:      minmay_alternating_diamond, layout_basic, grunt_decor_resistance,
          serial_bayou_pond_a, wad_floor_pattern_untrapped, minmay_tetromino_s4

Skill      XL: |  1  2 |
---------------+-------+-----
Spellcasting   | 4 |  4.5
Conjurations   | 5 |  5.3
Dodging        | |  2.4
Stealth        | |  2.4

Action                   || total
-------------------------++-------
Melee: Unarmed           ||     1
 Cast: Magic Dart        ||    95
  Eat: Chunk             ||     2
Armor: Robe              ||     1
Dodge: Dodged            ||    11

Table legend:
 A = Non-vault XP
 B = Vault XP
 C = Vault XP percentage of total XP
 D = Non-vault monster count
 E = Vault monster count
 F = Vault count percentage of total count
                 A         B        C        D         E       F
            +---------+---------+-------+---------+---------+-------
      Total |      83 |       1 |   1.2 |      35 |       1 |   2.8
            +---------+---------+-------+---------+---------+-------
        D:1 |      40 |       0 |   0.0 |      24 |       0 |   0.0
        D:2 |      43 |       1 |   2.3 |      11 |       1 |   8.3
            +---------+---------+-------+---------+---------+-------
